[Event "*** SCC Grand Prix: Titled Tuesday Blitz"]
[Site "Chess.com"]
[Date "2020.09.29"]
[Round "7"]
[White "almaguerjm"]
[Black "Mikhail_Golubev"]
[Result "0-1"]
[WhiteElo "2321"]
[BlackElo "2458"]
[TimeControl "180+1"]
[EndTime "11:14:58 PDT"]
[Termination "Mikhail_Golubev won by checkmate"]

1. d4 Nf6 2. Bf4 d6 3. e3 Nbd7 4. Nf3 g6 5. Be2 Bg7 6. O-O O-O 7. h3 b6 8. c4 Bb7 9. Nc3 Ne4 10. Nxe4 Bxe4 11. Nd2 Bb7 12. Bh2 e5 13. Bf3 Bxf3 14. Nxf3 Re8 15. Qa4 exd4 16. exd4 Nf6 17. Rfe1 Qd7 18. Rxe8+ Rxe8 19. Qxa7 Qc6 20. Qa6 Re2 21. b4 Ne4 22. c5 Rxf2 23. Qc8+ Bf8 24. Re1 Rxa2 25.
Qg4 Nf6 26. Qg5 dxc5 27. bxc5 bxc5 28. Be5 Ne4 29. Qf4 Nc3 30. Ng5 Qxg2# 0-1

[Event "*** SCC Grand Prix: Titled Tuesday Blitz"]
[Site "Chess.com"]
[Date "2020.09.29"]
[Round "7"]
[White "lelya96"]
[Black "Manukyan_Artak"]
[Result "0-1"]
[WhiteElo "2199"]
[BlackElo "2388"]
[TimeControl "180+1"]
[EndTime "11:14:58 PDT"]
[Termination "Manukyan_Artak won by checkmate"]

1. d4 Nf6 2. Nc3 d5 3. Bf4 Bf5 4. Nb5 Na6 5. e3 c6 6. Nc3 Nc7 7. Bd3 Bxd3 8. Qxd3 e6 9. Nge2 Bd6 10. O-O O-O 11.
Bxd6 Qxd6 12. Nf4 b5 13. Nce2 Ne4 14. c3 f5 15. Qd1 a5 16. Nd3 a4 17. f3 Nf6 18. Nc5 Nd7 19. Nxd7 Qxd7 20. Nf4 Ne8 21. Nd3 Nd6 22. Nc5 Qf7 23. Qd3 Nc4 24. b3 Nb6 25. e4 axb3 26. Nxb3 fxe4 27. fxe4 Qg6 28. Nc5 Rxf1+ 29.
Rxf1 Rxa2 30. Qf3 h5 31. Qf8+ Kh7 32. Qd8 Qxg2# 0-1

[Event "*** SCC Grand Prix: Titled Tuesday Blitz"]
[Site "Chess.com"]
[Date "2020.09.29"]
[Round "7"]
[White "Omk124"]
[Black "BJthechessgod"]
[Result "1-0"]
[WhiteElo "2427"]
[BlackElo "2293"]
[TimeControl "180+1"]
[EndTime "11:15:05 PDT"]
[Termination "Omk124 won by checkmate"]

1. e4 c5 2. Nf3 Nc6 3. d4 cxd4 4. Nxd4 g6 5. c4 Nf6 6. Nc3 d6 7. Be2 Nxd4 8. Qxd4 Bg7 9. Be3 O-O 10. Qd2 Be6 11. O-O Qa5 12. f3 Rfc8 13. b3 a6 14. Rac1 Nd7 15. Rfd1 b5 16. cxb5 axb5 17. Nxb5 Rxc1 18. Qxc1 Qxa2 19. Bc4 Bxc4 20. Qxc4 Qb2 21. Rd2 Ra1+ 22. Kf2 Qb1 23. Qc8+ Nf8 24. Re2 Qxb3 25. Nc7 h5 26.
Nd5 Kh7 27. Nxe7 Qd1 28. Qc2 Qg1+ 29. Kg3 h4+ 30. Kh3 Qf1 31. Rf2 Qe1 32. Re2 Qf1 33. Bf4 Ne6 34. Bxd6 Ng5+ 35. Kg4 Bf6 36. e5 Ra4+ 37.
Qxa4 Qxe2 38. exf6 Qxg2+ 39. Kf4 Qxf3+ 40. Kxg5 Qh5+ 41. Kf4 g5+ 42. Ke3 Qh6 43. Qe4+ Kh8 44. Qa8+ Kh7 45. Qg8# 1-0

[Event "*** SCC Grand Prix: Titled Tuesday Blitz"]
[Site "Chess.com"]
[Date "2020.09.29"]
[Round "7"]
[White "PetrolulSah"]
[Black "Forantes"]
[Result "0-1"]
[WhiteElo "2198"]
[BlackElo "2373"]
[TimeControl "180+1"]
[EndTime "11:15:07 PDT"]
[Termination "Forantes won by resignation"]

1. d4 Nf6 2. g3 g6 3. Bg2 d5 4. Nf3 Bg7 5. O-O O-O 6. c4 c5 7.
cxd5 Nxd5 8. e4 Nb4 9. a3 N4a6 10.
d5 Bg4 11. Nc3 Qc8 12. Re1 Rd8 13. e5 Nc6 14. Bf4 Nd4 15. Qd3 Bf5 16. Qd1 Nc2 17. Nh4 Nxe1 18. Nxf5 Qxf5 19. Qxe1 c4 20. Be4 Qd7 21. Qe3 Rac8 22. e6 fxe6 23. dxe6 Qd4 24. Bxb7 Nc5 25. Bxc8 Rxc8 26. Rd1 Nd3 27. Bg5 Qxe3 28.
fxe3 Nxb2 29. Rc1 Nd3 30. Rc2 Ne1 31. Rd2 Nf3+ 32. Kf2 Nxd2 33. Ke2 Bxc3 34. Bxe7 Ne4 35. Kf3 Nc5 36. Bxc5 Rxc5 37. e7 Re5 38. e8=Q+ Rxe8 0-1

[Event "*** SCC Grand Prix: Titled Tuesday Blitz"]
[Site "Chess.com"]
[Date "2020.09.29"]
[Round "7"]
[White "M1711"]
[Black "liczner"]
[Result "0-1"]
[WhiteElo "2481"]
[BlackElo "2680"]
[TimeControl "180+1"]
[EndTime "11:15:08 PDT"]
[Termination "liczner won on time"]

1. d4 Nf6 2. g3 g6 3. Bg2 Bg7 4. e4 d6 5. Ne2 O-O 6. Nbc3 e5 7. O-O Nc6 8. h3 exd4 9. Nxd4 Nxd4 10.
Qxd4 Re8 11. Qd1 Bd7 12. Bg5 h6 13. Be3 Bc6 14. Bd4 Nxe4 15. Bxg7 Kxg7 16. Nxe4 Bxe4 17. Bxe4 Rxe4 18. Qd5 Re2 19. Qxb7 Rb8 20. Qxa7 Rxb2 21. c3 Qf6 22. a4 Qxc3 23. Rac1 Qxg3+ 24. Kh1 Qxh3+ 25. Kg1 Re4 26. Rc3 Rg4+ 0-1

[Event "*** SCC Grand Prix: Titled Tuesday Blitz"]
[Site "Chess.com"]
[Date "2020.09.29"]
[Round "7"]
[White "pavelalexandru07"]
[Black "Khnykin_Nikolay"]
[Result "0-1"]
[WhiteElo "2216"]
[BlackElo "2098"]
[TimeControl "180+1"]
[EndTime "11:15:08 PDT"]
[Termination "Khnykin_Nikolay won on time"]

1. a3 e6 2. d4 d5 3. Nf3 Nf6 4. Bg5 Be7 5. e3 Ne4 6. Bxe7 Qxe7 7. c3 c5 8. Bd3 f5 9. Ne5 Qh4 10. Bxe4 fxe4 11. O-O cxd4 12. cxd4 O-O 13. Nc3 Nc6 14. Nxc6 bxc6 15. Ne2 Ba6 16. Rc1 Bb5 17. Qd2 Qg4 18. Rfe1 Qf5 19. Ng3 Qg4 20. Rc5 h5 21. b3 h4 22. h3 Qg5 23. Nf1 Rf3 24. a4 Bxf1 25.
Kxf1 Rf6 26. Rxc6 Raf8 27. b4 Qg3 28. Re2 g5 0-1

[Event "*** SCC Grand Prix: Titled Tuesday Blitz"]
[Site "Chess.com"]
[Date "2020.09.29"]
[Round "7"]
[White "Eliwood44"]
[Black "ExcitingTrap"]
[Result "0-1"]
[WhiteElo "2407"]
[BlackElo "2303"]
[TimeControl "180+1"]
[EndTime "11:15:09 PDT"]
[Termination "ExcitingTrap won by checkmate"]

1. d4 Nf6 2. Nf3 g6 3. Nc3 Bg7 4. e4 O-O 5. e5 Ne8 6. h4 d6 7. exd6 exd6 8. h5 Bg4 9. hxg6 fxg6 10. Bc4+ Kh8 11. Bh6 Nc6 12. Qd2 Bxf3 13. Bxg7+ Nxg7 14. Qh6 Bh5 15. g4 Qe7+ 16. Kf1 Qf6 17. Ne4 Qxd4 18.
gxh5 Qxc4+ 19. Kg1 Nxh5 20. Re1 Ne5 21. Ng5 Nf3+ 22.
Nxf3 Rxf3 23. Re7 Rf7 24. Rh4 Qd5 25. Rd4 Qf5 26. Rxf7 Qxf7 27. Re4 Rf8 28. Qd2 Qf6 29. a4 Nf4 30. a5 Qg5+ 31. Kf1 Qg2+ 32. Ke1 Qg1# 0-1

[Event "*** SCC Grand Prix: Titled Tuesday Blitz"]
[Site "Chess.com"]
[Date "2020.09.29"]
[Round "7"]
[White "Akmal_Fayzullaev"]
[Black "penguingm1"]
[Result "1-0"]
[WhiteElo "2347"]
[BlackElo "2875"]
[TimeControl "180+1"]
[EndTime "11:15:10 PDT"]
[Termination "Akmal_Fayzullaev won on time"]

1. e4 e5 2. Nf3 Nc6 3. Bb5 g6 4. d4 exd4 5. Bg5 Be7 6. Bxe7 Qxe7 7. Bxc6 dxc6 8. Qxd4 Nf6 9. Nc3 Bg4 10. Nd2 c5 11. Qe3 O-O-O 12. f3 Be6 13. O-O-O b6 14. Qh6 Nd7 15. Nf1 Ne5 16. Ne3 f6 17. h4 Nc6 18. h5 Rxd1+ 19. Rxd1 Rd8 20. hxg6 hxg6 21. Qxg6 Rg8 22. Qh6 Qf7 23. b3 Nd4 24. Qf4 Kb7 25. Kb2 a5 26. Rh1 Rf8 27. Rh6 Qg7 28. Qh2 Bg8 29.
Nf5 Qd7 30. Qf4 Ne6 31. Qe3 c4 32. Nd5 cxb3 33. axb3 Qd8 34. Qc3 Nc5 35. Nxf6 Be6 36. Qd4 Qe7 37. Nxe7 1-0

[Event "*** SCC Grand Prix: Titled Tuesday Blitz"]
[Site "Chess.com"]
[Date "2020.09.29"]
[Round "7"]
[White "rududuyk"]
[Black "dpopadic"]
[Result "0-1"]
[WhiteElo "2149"]
[BlackElo "2329"]
[TimeControl "180+1"]
[EndTime "11:15:10 PDT"]
[Termination "dpopadic won by resignation"]

1. e4 c5 2. Nf3 Nc6 3. d4 cxd4 4. Nxd4 Nf6 5. Nxc6 bxc6 6. Bd3 e5 7. O-O d6 8. Bg5 Be7 9. Nd2 O-O 10. Nc4 Be6 11.
Qe2 Ne8 12. Be3 Qc7 13. Kh1 d5 14. Na3 Bxa3 15. bxa3 f5 16. Bc5 fxe4 17. Bxe4 dxe4 18. Bxf8 Kxf8 19. Qxe4 Nf6 20. Qb4+ Kf7 21. Rae1 Re8 22. c4 Bf5 23. Qc3 e4 24. a4 Ng4 25. Qg3 Qxg3 26.
hxg3 Nf6 27. Re3 Be6 28. Rc1 Rd8 29. f3 exf3 30. gxf3 Rd2 31. Rb3 Rxa2 32. Rb7+ Kg6 33. Rxa7 Nh5 34. Rg1 Bxc4 35. a5 Bd5 36. Rg2 Bxf3 0-1

[Event "*** SCC Grand Prix: Titled Tuesday Blitz"]
[Site "Chess.com"]
[Date "2020.09.29"]
[Round "7"]
[White "BogdanDeac"]
[Black "Dr-Bassem"]
[Result "0-1"]
[WhiteElo "2889"]
[BlackElo "2783"]
[TimeControl "180+1"]
[EndTime "11:15:11 PDT"]
[Termination "Dr-Bassem won on time"]

1. e4 e5 2. Nf3 Nc6 3. Bb5 a6 4. Ba4 Nf6 5. O-O Be7 6. Re1 b5 7. Bb3 d6 8. c3 O-O 9. h3 Nb8 10. d4 Nbd7 11. c4 c6 12. Nc3 b4 13.
Ne2 Nxe4 14. Qc2 f5 15. c5+ d5 16. Be3 Kh8 17. Nxe5 Nxe5 18. dxe5 Bh4 19. g3 Bg5 20. f4 Be7 21. Rac1 Qe8 22. Kh2 Qh5 23. Nd4 Bd7 24. Qe2 Qh6 25. Nf3 Be8 26. Qg2 Bh5 27. Bc2 Rae8 28.
Bd3 Bd8 29. Bd4 Re6 30. h4 Bxf3 31. Qxf3 Nxg3 32. Qxg3 Bxh4 0-1

[Event "*** SCC Grand Prix: Titled Tuesday Blitz"]
[Site "Chess.com"]
[Date "2020.09.29"]
[Round "7"]
[White "Mbneu"]
[Black "awesomevishesh"]
[Result "1-0"]
[WhiteElo "2307"]
[BlackElo "2411"]
[TimeControl "180+1"]
[EndTime "11:15:14 PDT"]
[Termination "Mbneu won on time"]

1. d4 Nf6 2. c4 g6 3. Nc3 Bg7 4.
e4 d6 5. f4 O-O 6. Nf3 c5 7.
d5 e6 8. Be2 exd5 9. cxd5 Nbd7 10. O-O Re8 11. Nd2 c4 12. e5 dxe5 13. Nxc4 exf4 14.
Bxf4 Nb6 15. Nd6 Rf8 16. Bf3 Ne8 17. Nde4 Nc4 18. Qb3 Ned6 19. Bg5 Qc7 20. Rac1 Nxe4 21. Nxe4 Qb6+ 22. Qxb6 Nxb6 23. Nf6+ 1-0

[Event "*** SCC Grand Prix: Titled Tuesday Blitz"]
[Site "Chess.com"]
[Date "2020.09.29"]
[Round "7"]
[White "XDPS"]
[Black "Barys1974"]
[Result "0-1"]
[WhiteElo "2750"]
[BlackElo "2639"]
[TimeControl "180+1"]
[EndTime "11:15:16 PDT"]
[Termination "Barys1974 won on time"]

1. d4 Nf6 2. c4 e6 3. Nc3 Bb4 4. e3 O-O 5. Bd3 d5 6. Nf3 dxc4 7. Bxc4 c5 8. O-O Nc6 9. a3 Ba5 10. Nb5 a6 11. Nc3 b5 12. Ba2 cxd4 13. exd4 Bb7 14. Bg5 Ne7 15. Rc1 Nf5 16. d5 Bxc3 17. Rxc3 Bxd5 18.
Bxf6 Qxf6 19. Bxd5 Rad8 20. Rd3 exd5 21. Rxd5 Rxd5 22. Qxd5 Rd8 23. Qe4 g6 24. Rb1 h5 25.
h3 Nd4 26. Ne5 Qf5 27. Qxf5 Nxf5 28. Rc1 Rd5 29. Nf3 Nd4 30. Rc8+ Kg7 31. Rc6 Nxc6 0-1

[Event "*** SCC Grand Prix: Titled Tuesday Blitz"]
[Site "Chess.com"]
[Date "2020.09.29"]
[Round "7"]
[White "mr65"]
[Black "dianamirza"]
[Result "1-0"]
[WhiteElo "2161"]
[BlackElo "1949"]
[TimeControl "180+1"]
[EndTime "11:15:16 PDT"]
[Termination "mr65 won by resignation"]

1. e4 e5 2. Nf3 d6 3. d4 exd4 4. Nxd4 Nf6 5. Nc3 g6 6. Bg5 Bg7 7. Qd2 h6 8. Bh4 O-O 9. O-O-O a6 10. f3 b5 11. Nd5 Kh7 12. Nxf6+ Bxf6 13. Bxf6 Qxf6 14.
h4 c5 15. Ne2 Rd8 16. h5 g5 17. Nc3 Bb7 18. Nd5 Bxd5 19. Qxd5 Ra7 20. e5 Qf4+ 21. Kb1 Rad7 22. Bd3+ Kg7 23. e6 fxe6 24.
Qxe6 Qf6 25. Rhe1 Nc6 26. Bf5 Nd4 27. Qxf6+ Kxf6 28. Bxd7 Rxd7 29. c3 Nf5 30. Re8 d5 31.
Rf8+ Rf7 32. Rxf7+ Kxf7 33. Rxd5 Ne3 34. Rxc5 Nxg2 35.
Rc6 Kg7 36. Rg6+ Kh7 37. Rxa6 Nf4 38. Ra7+ Kg8 39. a4 bxa4 40. c4 Nxh5 41. c5 Nf6 42. c6 Nd5 43. c7 Nxc7 44. Rxc7 h5 45. Rc5 1-0

[Event "*** SCC Grand Prix: Titled Tuesday Blitz"]
[Site "Chess.com"]
[Date "2020.09.29"]
[Round "7"]
[White "Godzillator"]
[Black "Oscar-Luna"]
[Result "1-0"]
[WhiteElo "2333"]
[BlackElo "2146"]
[TimeControl "180+1"]
[EndTime "11:15:17 PDT"]
[Termination "Godzillator won on time"]

1. d4 Nf6 2. c4 e5 3. dxe5 Ne4 4. Nf3 d6 5. exd6 Bxd6 6. Nbd2 Nc5 7. a3 Qf6 8. e3 Nc6 9. Ra2 a5 10. b3 Bf5 11.
Bb2 Qh6 12. Nd4 Bd3 13. Nxc6 bxc6 14. Bd4 Bxf1 15. Kxf1 Ne6 16. Bc3 O-O 17. Ne4 Be7 18. Qf3 Rad8 19. Bxa5 f5 20. Nc3 Ng5 21. Qe2 Bf6 22.
Rc2 Rd7 23. h4 Rfd8 24. g3 Bxc3 25. Bxc3 Ne4 26. Kg2 c5 27. b4 Qc6 28. b5 Qa8 29.
Qf3 Qxa3 30. Be5 g6 31. Ra1 Qb3 32. Qe2 Rd3 33. Bxc7 R8d7 34. b6 1-0

[Event "*** SCC Grand Prix: Titled Tuesday Blitz"]
[Site "Chess.com"]
[Date "2020.09.29"]
[Round "7"]
[White "maximnovik"]
[Black "x-0414717230"]
[Result "0-1"]
[WhiteElo "2531"]
[BlackElo "2705"]
[TimeControl "180+1"]
[EndTime "11:15:18 PDT"]
[Termination "x-0414717230 won on time"]

1. d4 Nf6 2. Bg5 d5 3. Bxf6 gxf6 4. e3 c5 5. c4 dxc4 6. Bxc4 cxd4 7. exd4 e6 8. Nf3 Nc6 9. Nc3 a6 10. O-O b5 11.
Bb3 Na5 12. d5 Nxb3 13. axb3 Be7 14. Nxb5 Bb7 15. Nc3 O-O 16. Re1 Qb6 17. dxe6 fxe6 18. Qd7 Bxf3 19. Rxe6 Bg4 20. Rxb6 Bxd7 21. Rb7 Rfd8 22.
Nd5 Kf8 23. Re1 Bc6 24. Rexe7 Bxb7 0-1

[Event "*** SCC Grand Prix: Titled Tuesday Blitz"]
[Site "Chess.com"]
[Date "2020.09.29"]
[Round "7"]
[White "Kotofeyca"]
[Black "ehrenfeld"]
[Result "0-1"]
[WhiteElo "2343"]
[BlackElo "2522"]
[TimeControl "180+1"]
[EndTime "11:15:19 PDT"]
[Termination "ehrenfeld won by resignation"]

1. d4 Nf6 2. c4 e6 3. Nf3 Bb4+ 4. Nbd2 d6 5. a3 Bxd2+ 6. Bxd2 Nbd7 7. Bg5 h6 8. Bh4 b6 9. e3 Bb7 10. Be2 Qe7 11. O-O g5 12. Bg3 Ne4 13. Nd2 Nxg3 14.
fxg3 f5 15. Bh5+ Kd8 16. e4 Rf8 17. exf5 Rxf5 18. Rxf5 exf5 19. Qf1 Qe3+ 20. Qf2 Qxf2+ 21. Kxf2 Nf6 22. Bf3 Bxf3 23. gxf3 Kd7 24. Re1 c6 25. h3 b5 26. cxb5 cxb5 27. Rc1 Nd5 28. Nf1 Re8 29.
Rc2 f4 30. g4 Ne3 31. Nxe3 Rxe3 32. Rc3 Rxc3 33. bxc3 Kc6 34. Ke2 Kd5 35. Kd3 a6 36.
Kd2 Kc4 37. Kc2 d5 38. Kb2 Kd3 39. Kb3 Ke3 40. Kb4 Kxf3 41. Ka5 Ke3 42. Kxa6 f3 43. Kxb5 f2 44. a4 f1=Q+ 45. Kb6 Qb1+ 46. Kc5 Qa2 0-1

[Event "*** SCC Grand Prix: Titled Tuesday Blitz"]
[Site "Chess.com"]
[Date "2020.09.29"]
[Round "7"]
[White "ChelsieMonica"]
[Black "KaspMagAlpha"]
[Result "1-0"]
[WhiteElo "2368"]
[BlackElo "2244"]
[TimeControl "180+1"]
[EndTime "11:15:20 PDT"]
[Termination "ChelsieMonica won on time"]

1. e4 c5 2. Nf3 e6 3. d4 cxd4 4. Nxd4 a6 5. c3 b5 6. Bd3 Bb7 7. O-O d5 8. e5 Nd7 9. f4 Ne7 10. f5 exf5 11. e6 fxe6 12. Nxe6 Qb6+ 13. Nd4 g6 14.
Kh1 Bg7 15. Bg5 h6 16. Bxe7 Kxe7 17. Re1+ Ne5 18. Bxf5 Rhe8 19. Bh3 Kf8 20. Nd2 Bc8 21. Bxc8 Raxc8 22. N2f3 Nxf3 23. Qxf3+ Kg8 24. Qxd5+ Kh7 25.
Ne6 Qf2 26. Qd7 Rxe6 27. Qxe6 Rf8 28. Rad1 Qxb2 29. Rd7 Qxc3 30. h3 h5 31. Qe7 Rf2 32. Re5 Rf1+ 33. Kh2 Qxe5+ 34. Qxe5 1-0

[Event "*** SCC Grand Prix: Titled Tuesday Blitz"]
[Site "Chess.com"]
[Date "2020.09.29"]
[Round "7"]
[White "Goryachkina"]
[Black "DishonorOnYourCow"]
[Result "1-0"]
[WhiteElo "2647"]
[BlackElo "2413"]
[TimeControl "180+1"]
[EndTime "11:15:21 PDT"]
[Termination "Goryachkina won by resignation"]

1. e4 e5 2. Nf3 Nc6 3. Bc4 Bc5 4. d3 Nf6 5. O-O d6 6. h3 a5 7.
c3 O-O 8. Re1 h6 9. Nbd2 Bd7 10.
Nf1 a4 11. d4 Bb6 12. Ng3 Re8 13. Bb5 Ne7 14. Bxd7 Nxd7 15. a3 Ng6 16. Be3 exd4 17.
cxd4 Nf6 18. Qc2 Qd7 19. Rad1 Qe6 20. d5 Qd7 21. Bxb6 cxb6 22. Nd4 Rac8 23. Qb1 Rc4 24. b3 Rc3 25. bxa4 Qxa4 26. Qxb6 Qxa3 27. Ndf5 Qc5 28.
Qxd6 Qxd6 29. Nxd6 Rb8 30. e5 Nd7 31. e6 fxe6 32.
dxe6 Nf6 33. Ngf5 Rc7 34. e7 Ne8 35. Nxe8 Rxe8 36. Rd8 Kf7 37. Nd6+ 1-0

[Event "*** SCC Grand Prix: Titled Tuesday Blitz"]
[Site "Chess.com"]
[Date "2020.09.29"]
[Round "7"]
[White "TrimitziosP7"]
[Black "ChessSkool"]
[Result "1-0"]
[WhiteElo "2832"]
[BlackElo "2696"]
[TimeControl "180+1"]
[EndTime "11:15:23 PDT"]
[Termination "TrimitziosP7 won on time"]

1. e4 c6 2. c4 d5 3. cxd5 cxd5 4. exd5 Nf6 5. Nc3 Nxd5 6. Bc4 Nb6 7. Bb3 Nc6 8. Nf3 Bf5 9. d4 e6 10. O-O Be7 11. Re1 O-O 12. Bf4 Nb4 13. Ne5 Rc8 14. Qf3 N6d5 15. Rad1 Nxf4 16. Qxf4 Bg5 17. Qf3 Nc2 18.
Bxc2 Bxc2 19. Ra1 Qxd4 20. Qxb7 Rb8 21. Qd7 Qb6 22. b3 Rbd8 23. Na4 Qa5 24. Qc6 Rc8 25. Qf3 Bf6 26. Qg3 Rfd8 27. Nb2 Qc3 28. Nbc4 Qxg3 29.
hxg3 Bf5 30. Rad1 h5 31. Nd6 Rb8 32. Nc6 Rf8 33. Nxb8 Rxb8 34. Nxf5 exf5 35. Rd7 a5 36.
Rc1 Be5 37. Rc5 1-0

[Event "*** SCC Grand Prix: Titled Tuesday Blitz"]
[Site "Chess.com"]
[Date "2020.09.29"]
[Round "7"]
[White "MPGM"]
[Black "ChronicUnhappiness"]
[Result "1-0"]
[WhiteElo "2423"]
[BlackElo "2289"]
[TimeControl "180+1"]
[EndTime "11:15:23 PDT"]
[Termination "MPGM won on time"]

1. f4 c5 2. Nf3 Nc6 3. e3 d6 4. b3 Nf6 5. Bb2 e6 6. g3 Be7 7. Bg2 O-O 8. O-O Qc7 9. a4 b6 10. Qe2 Bb7 11. Na3 Rfe8 12. f5 e5 13. e4 Nd4 14.
Nxd4 cxd4 15. d3 d5 16. exd5 Nxd5 17. Nc4 Bg5 18. Be4 Be3+ 19. Kh1 f6 20. Qg2 Red8 21. Rae1 a6 22. Re2 b5 23. axb5 axb5 24. Nxe3 dxe3 25.
Bc1 Qc5 26. c4 bxc4 27. bxc4 Nc3 28. Bxb7 Nxe2 29. Bxa8 Nxc1 30. Bd5+ Kh8 31. Rxc1 Qd4 32. Qe2 h6 33. Kg1 Rb8 34. Re1 Rb2 35. Qxe3 Qc3 36. c5 Qc2 37. Kf1 1-0

[Event "*** SCC Grand Prix: Titled Tuesday Blitz"]
[Site "Chess.com"]
[Date "2020.09.29"]
[Round "7"]
[White "tmr88"]
[Black "canary2016"]
[Result "0-1"]
[WhiteElo "2108"]
[BlackElo "1929"]
[TimeControl "180+1"]
[EndTime "11:15:24 PDT"]
[Termination "canary2016 won on time"]

1. e4 c5 2. Nf3 d6 3. d4 cxd4 4. Nxd4 Nf6 5. Nc3 a6 6. Bc4 e6 7. Bb3 b5 8. f4 Be7 9. Qf3 Qc7 10. Be3 O-O 11. g4 Nc6 12. g5 Nxd4 13. Bxd4 Nd7 14. O-O-O Nc5 15. Kb1 Nxb3 16. cxb3 Bb7 17. Rhg1 Rac8 18.
Rd2 b4 19. Ne2 d5 20. Qh5 dxe4 21. Qh6 e5 22. Bxe5 Qxe5 23. fxe5 gxh6 24. gxh6+ Kh8 25.
Rd7 Bc5 26. Rg7 Bc6 27. Rdxf7 Rxf7 28. Rxf7 Bb5 29. Nf4 Be3 30. a4 Bd3+ 31. Ka2 Bxf4 32.
Rxf4 e3 33. e6 e2 34. e7 Kg8 35. Rg4+ Kf7 36. Rg7+ Ke6 37. Rg1 Kxe7 38. Re1 Rf8 39. a5 Rf1 40. h4 Rxe1 41. h5 Ra1+ 42. Kxa1 e1=Q+ 0-1

[Event "*** SCC Grand Prix: Titled Tuesday Blitz"]
[Site "Chess.com"]
[Date "2020.09.29"]
[Round "7"]
[White "DenLaz"]
[Black "Ginger_GM"]
[Result "1/2-1/2"]
[WhiteElo "2809"]
[BlackElo "2696"]
[TimeControl "180+1"]
[EndTime "11:15:27 PDT"]
[Termination "Game drawn by agreement"]

1. Nf3 f5 2. d4 e6 3. g3 Nf6 4. Bg2 Be7 5. O-O O-O 6. c4 d6 7. Nc3 Ne4 8. Nxe4 fxe4 9. Nd2 d5 10. f3 Nc6 11. fxe4 Rxf1+ 12. Nxf1 dxc4 13. Be3 Bd7 14. Rc1 b5 15. e5 Rb8 16. b3 Ba3 17. bxc4 Bxc1 18.
Qxc1 bxc4 19. Qxc4 Ne7 20. Bg5 h6 21. Bxe7 Qxe7 22.
Qxc7 Rb4 23. d5 Qe8 24. e4 Rb1 25. Qxa7 Bb5 26. Qd4 Qf8 27. Qf2 Qxf2+ 28. Kxf2 Rb2+ 29. Kg1 Bxf1 30. Bxf1 Rxa2 31. dxe6 Kf8 32. Bc4 Rb2 33. Bd5 Ke7 34. h4 g5 35. hxg5 hxg5 36. Kf1 1/2-1/2

[Event "*** SCC Grand Prix: Titled Tuesday Blitz"]
[Site "Chess.com"]
[Date "2020.09.29"]
[Round "7"]
[White "MrChampion_Coach"]
[Black "karinachess1"]
[Result "1-0"]
[WhiteElo "2377"]
[BlackElo "2491"]
[TimeControl "180+1"]
[EndTime "11:15:27 PDT"]
[Termination "MrChampion_Coach won by checkmate"]

1. d4 Nf6 2. c4 e6 3. Nc3 d5 4.
cxd5 exd5 5. Bf4 c6 6. e3 Bd6 7. Bd3 O-O 8. Nf3 Re8 9. O-O Qe7 10. Qc2 Nbd7 11. a3 a5 12. Rfe1 b5 13. h3 Bb7 14.
Ne2 Ne4 15. Bxd6 Qxd6 16. Nd2 Ndf6 17. Bxe4 dxe4 18. Ng3 Qd5 19. Rac1 Rad8 20. Qc3 a4 21. Qa5 h5 22. Rc5 Qe6 23. Nxh5 Nxh5 24. Rxh5 Qg6 25.
Rc5 Bc8 26. Kh2 Bd7 27. Qc7 Qf6 28. Qg3 Rc8 29. Nb1 Bf5 30. Nc3 Bd7 31. Na2 Qe6 32. Nb4 Qb3 33. Re2 Qd1 34. Rec2 Qb1 35. Rg5 g6 36. Rcc5 Qxb2 37. Rxg6+ fxg6 38. Qxg6+ Kf8 39. Qf6+ Kg8 40. Rg5+ Kh7 41. Qg7# 1-0

[Event "*** SCC Grand Prix: Titled Tuesday Blitz"]
[Site "Chess.com"]
[Date "2020.09.29"]
[Round "7"]
[White "Savagelittlemole"]
[Black "sergiochess83"]
[Result "1-0"]
[WhiteElo "2624"]
[BlackElo "2787"]
[TimeControl "180+1"]
[EndTime "11:15:28 PDT"]
[Termination "Savagelittlemole won on time"]

1. e4 c5 2. Nf3 d6 3. d4 cxd4 4. Nxd4 Nf6 5. Nc3 a6 6. Be3 e5 7. Nb3 Be6 8. h3 Be7 9. f4 exf4 10. Bxf4 Nc6 11. Qe2 Ne5 12. O-O-O Qc7 13. Kb1 O-O 14. Nd4 Rac8 15. Nxe6 fxe6 16. g4 Nfd7 17. Bg3 b5 18.
h4 Nc4 19. Qd3 Nc5 20. Qd4 Bf6 21. Nd5 exd5 22. Qxd5+ Kh8 23. Bxc4 bxc4 24. Bxd6 Qb6 25. e5 Na4 26. Qd4 1-0

[Event "*** SCC Grand Prix: Titled Tuesday Blitz"]
[Site "Chess.com"]
[Date "2020.09.29"]
[Round "7"]
[White "Kislov_Oleg"]
[Black "TheMagnet"]
[Result "0-1"]
[WhiteElo "2354"]
[BlackElo "2574"]
[TimeControl "180+1"]
[EndTime "11:15:28 PDT"]
[Termination "TheMagnet won by checkmate"]

1. e4 c5 2. Nf3 g6 3. c3 Nc6 4.
d4 d5 5. exd5 Qxd5 6. dxc5 Qxc5 7. Be3 Qa5 8. Nbd2 Bg7 9. Nc4 Qc7 10. a4 Nf6 11. Be2 O-O 12. O-O Rd8 13. Qc1 Be6 14. Bf4 Qc8 15. Bh6 Qc7 16. Bxg7 Kxg7 17. Qe3 Nd5 18. Qg5 Nf4 19. Bd1 Bxc4 20. Re1 Be6 21. Re4 Nh5 22. Rh4 Rd5 23. Qe3 Qb6 24. Qe2 Rad8 25. b4 Qc7 26. Bb3 R5d6 27. Bc2 h6 28. b5 Na5 29. Rxh5 gxh5 30. Qe5+ f6 31. Qxh5 Bf7 32. Qf5 Kf8 33. Nd4 Qxc3 34. Re1 Qxe1# 0-1

[Event "*** SCC Grand Prix: Titled Tuesday Blitz"]
[Site "Chess.com"]
[Date "2020.09.29"]
[Round "7"]
[White "VMikhalevski"]
[Black "TST2014"]
[Result "1-0"]
[WhiteElo "2719"]
[BlackElo "2563"]
[TimeControl "180+1"]
[EndTime "11:15:31 PDT"]
[Termination "VMikhalevski won by checkmate"]

1. Nf3 Nf6 2. g3 d6 3. d4 Nbd7 4. Bg2 e5 5. O-O c6 6. b3 Be7 7.
Bb2 e4 8. Nfd2 d5 9. c4 O-O 10. Nc3 h5 11. e3 h4 12. g4 Nh7 13. f4 exf3 14. Nxf3 Ndf6 15. h3 Ne4 16. Nxe4 dxe4 17.
Nd2 f5 18. gxf5 Bxf5 19. Nxe4 Ng5 20. Nxg5 Bxg5 21. e4 Bd7 22. Qd3 Qe7 23. e5 Bf4 24.
Qe4 Qg5 25. Rf3 Bg3 26. Raf1 Qd2 27. Bc3 Qxa2 28. e6 Rxf3 29. Rxf3 Be8 30. d5 Qxb3 31. Qf5 Qa3 32. Bd4 Qe7 33. Qg4 cxd5 34. Rf7 Qxf7 35. exf7+ Kxf7 36. Bxd5+ Ke7 37. Qxg7+ Kd6 38. Qxb7 Rd8 39.
c5# 1-0

[Event "*** SCC Grand Prix: Titled Tuesday Blitz"]
[Site "Chess.com"]
[Date "2020.09.29"]
[Round "7"]
[White "A-S-00"]
[Black "JoliyRoger"]
[Result "0-1"]
[WhiteElo "2261"]
[BlackElo "2444"]
[TimeControl "180+1"]
[EndTime "11:15:31 PDT"]
[Termination "JoliyRoger won by resignation"]

1. d4 Nf6 2. Nf3 e6 3. c3 c5 4. e3 b6 5. Bd3 Bb7 6. O-O Be7 7. Nbd2 d5 8. Ne5 O-O 9. f4 Nbd7 10. Ndf3 Ne4 11.
Nxd7 Qxd7 12. Ne5 Qc7 13. Qc2 Rad8 14. Bd2 Bd6 15. Rac1 Rc8 16. Be1 Rfe8 17. g4 f6 18. Nf3 Qb8 19. Qg2 cxd4 20. Nxd4 Bc5 21. Rd1 a6 22. f5 e5 23. Ne6 Bxe3+ 24. Kh1 Nc5 25. Be2 Nxe6 26. fxe6 Rxe6 27. Bf3 e4 28. Be2 Bf4 29. Rxf4 Qxf4 30. Bg3 Qg5 31. h4 Qg6 32. g5 fxg5 33. Bg4 Rce8 34. h5 Qf7 35. Rf1 Qe7 36.
Bxe6+ Qxe6 37. Qf2 d4 38. Qxd4 0-1

[Event "*** SCC Grand Prix: Titled Tuesday Blitz"]
[Site "Chess.com"]
[Date "2020.09.29"]
[Round "7"]
[White "Msb2"]
[Black "Kira170"]
[Result "1-0"]
[WhiteElo "2918"]
[BlackElo "2786"]
[TimeControl "180+1"]
[EndTime "11:15:32 PDT"]
[Termination "Msb2 won by resignation"]

1. d4 e6 2. Nf3 f5 3. g3 Nf6 4.
Bg2 d5 5. O-O Ne4 6. c4 Nc6 7. Nc3 Be7 8. cxd5 exd5 9. Qb3 Nxc3 10. Qxc3 O-O 11. a3 a5 12. Bd2 Ra6 13. Rac1 Rb6 14. Be3 Be6 15. Ne5 a4 16. Nd3 Rb3 17.
Qd2 Bd6 18. Nc5 Bxc5 19. Rxc5 Qd7 20. Rfc1 Ra8 21. Bf4 Ra6 22. h4 Rab6 23. R1c2 h6 24. Kh2 Kh7 25. e3 Qd8 26. Qe2 Qd7 27. Bf3 Qd8 28. Kg2 Qd7 29. Qd2 Qd8 30. R5c3 Qd7 31. Rxb3 Rxb3 32. Qe2 Qd8 33. h5 Qd7 34. Qd2 Qf7 35.
Bd1 Rb5 36. Rc3 Ra5 37. Rxc6 Rb5 38. Rxc7 1-0